 Dungeon Crawl Stone Soup version 0.18.1-5-g4a78601 (webtiles) character file.

91 LORDOFBUTT the Skirmisher (level 4, -5/37 HPs)
             Began as a Demonspawn Berserker on May 10, 2016.
             Was a Priest of Trog.
             Slain by an ogre
             ... wielding a +0 giant club
              (19 damage)
             ... on level 3 of the Dungeon.
             The game lasted 00:01:41 (1511 turns).

LORDOFBUTT the Skirmisher (Demonspawn Berserker)    Turns: 1511, Time: 00:01:41

Health: -5/37      AC:  2    Str: 17    XL:     4   Next: 33%
Magic:  4/4        EV: 12    Int:  8    God:    Trog [***...]
Gold:   161        SH:  0    Dex: 14    Spells: 0 memorised, 3 levels left

rFire  . . .     SeeInvis .     a - +0 spear
rCold  . . .     Gourm    .     b - +0 animal skin
rNeg   . . .     Faith    .     (no shield)
rPois  .         Spirit   .     (no helmet)
rElec  .         Dismiss  .     (no cloak)
rCorr  .         Reflect  .     (no gloves)
SustAt .         Harm     .     (no boots)
MR     .....                    (no amulet)
Stlth  ++........               (no ring)
                                (no ring)

@: not resistant to hostile enchantments, unstealthy
A: powered by death 1, powered by pain 1
a: Berserk, Trog's Hand, Burn Spellbooks, Renounce Religion


You were on level 3 of the Dungeon.
You worshipped Trog.
Trog was most pleased with you.
You were not hungry.

You visited 1 branch of the dungeon, and saw 3 of its levels.

You collected 161 gold pieces.

Inventory:

Hand Weapons
 a - a +0 spear (weapon)
Armour
 b - a +0 animal skin (worn)
Scrolls
 d - 2 scrolls of identify {unknown}
 e - a scroll of noise {unknown}
 h - a scroll of teleportation {unknown}
 l - a scroll of enchant armour {unknown}
 m - a scroll of blinking {unknown}
Potions
 f - a potion of degeneration {unknown}
 i - a potion of heal wounds {unknown}
 k - a potion of lignification {unknown}
Comestibles
 c - a bread ration
 g - a meat ration
 j - a royal jelly


   Skills:
 + Level 4.0 Fighting
 + Level 3.4 Polearms
 + Level 1.8 Armour
 + Level 2.3 Dodging
 + Level 0.8 Stealth


You had 3 spell levels left.
You didn't know any spells.

Dungeon Overview and Level Annotations

Branches:
Dungeon (3/15)

Altars:
Dithmenos
Fedhas


Innate Abilities, Weirdness & Mutations

You regenerate a little health from kills.
You sometimes gain a little power by taking damage.


Message History

The ogre closely misses you.
You barely miss the ogre.
The ogre is lightly wounded.
You puncture the ogre!
The ogre is heavily wounded.
The ogre closely misses you.
You hit the ogre.
The ogre is severely wounded.
The ogre barely misses you.
You completely miss the ogre.
The ogre is severely wounded.
The ogre hits you with a giant club!!
Ouch! That really hurt!
You hit the ogre.
The ogre is severely wounded.
You hit the ogre.
The ogre is severely wounded.
The ogre hits you with a giant club!!
Ouch! That really hurt!
You die...

.$ #.# #.## #
######..# #
#.).....#####
#
#.###....<...
# #.#
#..######
##### #.###..#
....# #.#..?@#
###.#
#)#.#.#O......
....#
#.#.#.#.######
###########.#
#....
#.#.........#
####.#
..#.#########
.# #[#)# ##
..#.# ###>#


You could see an ogre.

Vanquished Creatures
  2 adders (D:2)
  A worm (D:3)
  2 dart slugs
  2 giant geckos
  7 bats
  7 giant cockroaches
  9 goblins
  4 hobgoblins
  4 jackals (D:1)
  7 kobolds
  3 giant newts
  8 rats
56 creatures vanquished.

Notes
Turn   | Place    | Note
--------------------------------------------------------------
     0 | D:1      | LORDOFBUTT the Demonspawn Berserker began the quest for the Orb.
     0 | D:1      | Reached XP level 1. HP: 18/18 MP: 1/1
    75 | D:1      | Gained mutation: You regenerate a little health from kills. [demonic ancestry]
    75 | D:1      | Reached XP level 2. HP: 15/24 MP: 2/2
   283 | D:1      | Reached ** piety under Trog
   384 | D:1      | Reached XP level 3. HP: 29/29 MP: 3/3
   677 | D:2      | Found a shadowy altar of Dithmenos.
   678 | D:2      | Found a blossoming altar of Fedhas.
  1092 | D:2      | Gained mutation: You sometimes gain a little power by taking damage. [demonic ancestry]
  1092 | D:2      | Reached XP level 4. HP: 22/37 MP: 4/4
  1388 | D:3      | Reached skill level 4 in Fighting
  1492 | D:3      | Reached *** piety under Trog
  1502 | D:3      | Noticed an ogre
  1511 | D:3      | Slain by an ogre

Skill      XL: |  1  2  3  4 |
---------------+-------------+-----
Dodging        | 2 |  2.3
Polearms       | 3 |  3.4
Fighting       | 4 |  4.0
Armour         | |  1.8
Stealth        | |  0.8

Action                   |  1- 3 |  4- 6 || total
-------------------------+-------+-------++-------
Melee: Spear             |   167 |    62 ||   229
  Use: Potion            |     1 |       ||     1
 Stab: Distracted        |     1 |       ||     1
       Sleeping          |     1 |     2 ||     3
  Eat: Meat ration       |       |     1 ||     1
Armor: Animal skin       |    22 |    10 ||    32
Dodge: Dodged            |    86 |    19 ||   105
